[Event "Titled Tuesday Blitz February 14 Early 2023"]
[White "Klabis, Rokas"]
[Black "Avazkhonov, Alikhon"]
[WhiteFideId "12805246"]
[BlackFideId "14208504"]
[WhiteElo "2415"]
[BlackElo "1538"]
[Result "1-0"]
[Round "02"]
[TimeControl "180+2"]
[Date "2023.02.15"]
[WhiteClock "0:01:15"]
[BlackClock "0:00:02"]

1. e4 c5 2. Nf3 g6 3. d4 cxd4 4. Nxd4 Nc6 5. c4 Bg7 6. Be3 Nf6 7. Nc3 O-O 8. f3 d6 9. Be2 Bd7 10. O-O a5 11. Rc1 Rc8 12. b3 Ne5 13. h3 Qc7 14. Qd2 Qb8 15. f4 Nc6 16. Bf3 Rfd8 17. Nd5 Nxd5 18. exd5 Nxd4 19. Bxd4 Bxd4+ 20. Qxd4 b5 21. Rfe1 Re8 22. Bg4 Bxg4 23. hxg4 bxc4 24. bxc4 Qb4 25. Kh2 Qa3 26. Rc2 Rc7 27. f5 Rec8 28. Re4 Qb4 29. f6 exf6 30. Qxf6 Rxc4 31. Rcxc4 Qxc4 32. Rxc4 Rxc4 33. Qd8+ Kg7 34. Qxd6 Rxg4 35. Qe5+ Kh6 36. Qe3+ g5 37. d6 Rh4+ 38. Kg1 Rc4 39. d7 1-0


[Site "https://www.chess.com"]

[Event "Titled Tuesday Blitz February 14 Early 2023"]
[White "Belozerov, Andrei"]
[Black "Semenenko, Dmytry"]
[WhiteFideId "4120213"]
[BlackFideId "14118645"]
[WhiteElo "2461"]
[BlackElo "2113"]
[Result "1-0"]
[Round "02"]
[TimeControl "180+2"]
[Date "2023.02.15"]
[WhiteClock "0:00:45"]
[BlackClock "0:00:43"]

1. e4 Nf6 2. e5 Nd5 3. d4 d6 4. c4 Nb6 5. f4 dxe5 6. fxe5 Nc6 7. Be3 Bf5 8. Nc3 e6 9. Nf3 Bg4 10. Be2 Bxf3 11. gxf3 Qh4+ 12. Bf2 Qf4 13. c5 Nd5 14. Nxd5 exd5 15. Qd2 Qf5 16. Qd3 Qf4 17. Qe3 Qf5 18. Bd3 Qh3 19. O-O-O g6 20. f4 Qxe3+ 21. Bxe3 Bh6 22. Kd2 f6 23. h4 fxe5 24. fxe5 Bxe3+ 25. Kxe3 Ke7 26. h5 g5 27. h6 Raf8 28. Rdf1 Nd8 29. Rxf8 Kxf8 30. Rh5 Ne6 31. Bf5 Ke7 32. Bxe6 Kxe6 33. Rxg5 Rf8 34. Rg7 Rf1 35. Rxc7 Re1+ 36. Kd2 Re4 37. Kd3 Rh4 38. Rxh7 Rh3+ 39. Kc2 Rh2+ 40. Kc3 Rh3+ 41. Kc2 Rh2+ 42. Kb3 Rh3+ 43. Kb4 Rh4 44. Rxb7 Rxd4+ 45. Kb5 Kxe5 46. h7 Rh4 47. b4 d4 48. Rd7 a6+ 49. Kxa6 Ke4 50. c6 Rh6 51. Kb7 d3 52. c7 d2 53. Rxd2 Rxh7 54. Kb8 1-0


[Site "https://www.chess.com"]

[Event "Titled Tuesday Blitz February 14 Early 2023"]
[White "Aggelis, Nikolaos"]
[Black "Mouhamad, Joachim"]
[WhiteFideId "4213220"]
[BlackFideId "656410"]
[WhiteElo "2270"]
[BlackElo "2238"]
[Result "1-0"]
[Round "02"]
[TimeControl "180+2"]
[Date "2023.02.15"]
[WhiteClock "0:00:50"]
[BlackClock "0:00:05"]

1. d4 d5 2. g3 c5 3. Nf3 Nc6 4. Bg2 Nf6 5. O-O e6 6. c4 cxd4 7. Nxd4 Bc5 8. Nb3 Bb6 9. c5 Bc7 10. Nc3 O-O 11. e4 d4 12. Nb5 e5 13. Bg5 Bb8 14. f4 h6 15. Bxf6 Qxf6 16. fxe5 Qxe5 17. N5xd4 Nxd4 18. Qxd4 Be6 19. Rad1 a5 20. Qxe5 Bxe5 21. Nd4 Bxa2 22. Rf2 a4 23. Rfd2 Rfd8 24. Nf5 Rxd2 25. Rxd2 Kf8 26. Nd6 Rd8 27. Bf1 Bb1 28. Bb5 b6 29. Bxa4 bxc5 30. Nc4 Bd4+ 31. Kf1 Bxe4 32. Bc2 Bd5 33. Nb6 Be6 34. Be4 Bh3+ 35. Bg2 Be6 36. Re2 Rb8 37. Rxe6 fxe6 38. Nd7+ Kf7 39. Nxb8 Bxb2 40. Ke2 h5 41. Kd3 h4 42. Na6 Be5 43. gxh4 Bxh2 44. Nxc5 g6 45. Ne4 Be5 46. Ke2 Bf6 47. Ng5+ Bxg5 48. hxg5 e5 49. Kf3 Ke6 50. Ke4 Kf7 51. Bf1 1-0


[Site "https://www.chess.com"]

[Event "Titled Tuesday Blitz February 14 Early 2023"]
[White "Wu, Sibo"]
[Black "Cunha, Lucas Aguiar"]
[WhiteFideId "8606048"]
[BlackFideId "2125404"]
[WhiteElo "2082"]
[BlackElo "2309"]
[Result "0-1"]
[Round "02"]
[TimeControl "180+2"]
[Date "2023.02.15"]
[WhiteClock "0:00:18"]
[BlackClock "0:01:36"]

1. d4 Nf6 2. Bf4 d5 3. e3 c5 4. Nd2 Nc6 5. c3 Qb6 6. Qb3 c4 7. Qc2 Bf5 8. Qxf5 Qxb2 9. Rb1 Qxc3 10. Rxb7 e6 11. Qb1 Bb4 12. Nf3 Ne4 13. Qd1 Qa3 14. Be2 c3 15. Bb5 cxd2+ 16. Kf1 Rc8 17. Ne5 Qc1 18. Bxc6+ Kf8 19. Rxf7+ Kg8 20. Ba4 Nc3 0-1


[Site "https://www.chess.com"]

[Event "Titled Tuesday Blitz February 14 Early 2023"]
[White "Pourkashiyan, Atousa"]
[Black "Iskusnyh, Sergei"]
[WhiteFideId "12502014"]
[BlackFideId "4120027"]
[WhiteElo "2282"]
[BlackElo "2440"]
[Result "0-1"]
[Round "02"]
[TimeControl "180+2"]
[Date "2023.02.15"]
[WhiteClock "0:00:03"]
[BlackClock "0:00:09"]

1. e4 e6 2. d4 d5 3. Nd2 c5 4. exd5 Qxd5 5. Ngf3 cxd4 6. Bc4 Qd7 7. O-O Nc6 8. Nb3 a6 9. Nbxd4 Nxd4 10. Nxd4 Qc7 11. Qe2 Bd6 12. h3 Ne7 13. Bd3 O-O 14. Bg5 Ng6 15. Rad1 Bh2+ 16. Kh1 Bf4 17. Nf3 h6 18. Bxg6 hxg5 19. Bd3 Qc5 20. g3 Bc7 21. Qe4 g6 22. Rfe1 Qf5 23. Qg4 Qxg4 24. hxg4 Kg7 25. Nxg5 Bd7 26. Be4 Bb5 27. Bxb7 Rab8 28. Bg2 Ba5 29. c3 Bc4 30. Kg1 Rxb2 31. Rd7 Bb6 32. Nxe6+ Bxe6 33. Rxe6 Bxf2+ 34. Kf1 Bxg3 0-1


[Site "https://www.chess.com"]

[Event "Titled Tuesday Blitz February 14 Early 2023"]
[White "Kielinkei"]
[Black "Panesso Rivera, Henry"]
[BlackFideId "4402707"]
[WhiteElo "2360"]
[BlackElo "2342"]
[Result "0-1"]
[Round "02"]
[TimeControl "180+2"]
[Date "2023.02.15"]
[WhiteClock "0:00:03"]
[BlackClock "0:00:56"]

1. d4 d6 2. e4 g6 3. Nc3 a6 4. Be3 Nd7 5. Qd2 b5 6. a4 b4 7. Nd5 a5 8. h4 c6 9. Nf4 e5 10. dxe5 dxe5 11. Nd3 h6 12. Nf3 Qc7 13. O-O-O Bb7 14. Nfxe5 Nxe5 15. Nxe5 Bg7 16. f4 Nf6 17. Bc4 O-O 18. Nxg6 Rfd8 19. Qe2 Nxe4 20. Qg4 Nf6 21. Qf5 Bc8 22. Rxd8+ Qxd8 23. Qc5 Bg4 24. Ne5 Be6 25. Bxe6 fxe6 26. Qxc6 Qe8 27. Qxe8+ Rxe8 28. Rd1 Nd5 29. Bd2 Rf8 30. g3 Rc8 31. b3 Nf6 32. Re1 Nh5 33. Nc4 Rc5 34. g4 Nf6 35. g5 hxg5 36. hxg5 Nd5 37. Rxe6 Bc3 38. f5 Nc7 39. Rg6+ Kf8 40. Bxc3 bxc3 41. Nd6 Re5 42. Rf6+ Kg8 43. Kd1 Rd5+ 44. Ke2 Rd2+ 45. Ke3 Nd5+ 46. Ke4 Nxf6+ 47. gxf6 Rxc2 48. Kd3 Rc1 49. Ne4 c2 50. Kd2 Re1 51. f7+ Kf8 52. Kxc2 Rxe4 53. Kd3 Rb4 54. Kc3 Kxf7 0-1


[Site "https://www.chess.com"]

[Event "Titled Tuesday Blitz February 14 Early 2023"]
[White "Alice, Mateus Felizardo Viageiro"]
[Black "Vlassov, Nikolai"]
[WhiteFideId "14800047"]
[BlackFideId "4103360"]
[WhiteElo "2202"]
[BlackElo "2283"]
[Result "0-1"]
[Round "02"]
[TimeControl "180+2"]
[Date "2023.02.15"]
[WhiteClock "0:00:47"]
[BlackClock "0:00:23"]

1. e4 Nc6 2. Nf3 d5 3. exd5 Qxd5 4. Nc3 Qa5 5. Bb5 Bd7 6. O-O a6 7. Ba4 O-O-O 8. Re1 Qh5 9. Bxc6 Bxc6 10. Ne5 Qxd1 11. Rxd1 Be8 12. d3 f6 13. Nc4 e5 14. Be3 Ne7 15. a4 Nf5 16. Bd2 Bf7 17. Ne3 Nd4 18. Rdc1 Bb4 19. Kf1 Rhe8 20. Ne4 Bf8 21. Nc3 f5 22. Ne2 f4 23. Nd1 Nxe2 24. Kxe2 e4 25. d4 g5 26. c3 c5 27. dxc5 Bxc5 28. c4 f3+ 29. gxf3 exf3+ 30. Kxf3 Rxd2 31. Ne3 Bh5+ 32. Kg3 Bd6+ 33. Kg2 Rxe3 34. c5 Bf4 35. c6 Ree2 36. cxb7+ Kxb7 37. Rf1 Be3 38. Ra3 Rxf2+ 39. Rxf2 Rxf2+ 40. Kg3 Rf3+ 41. Kg2 Rf2+ 42. Kg3 Bb6 43. a5 Bc5 44. Rc3 Bd4 45. Rd3 Rf4 46. Rb3+ Kc6 47. Rd3 Kd5 0-1


[Site "https://www.chess.com"]

[Event "Titled Tuesday Blitz February 14 Early 2023"]
[White "Kalajzic, Ivan"]
[Black "Koellner, Ruben Gideon"]
[WhiteFideId "14506378"]
[BlackFideId "12993093"]
[WhiteElo "2062"]
[BlackElo "2426"]
[Result "0-1"]
[Round "02"]
[TimeControl "180+2"]
[Date "2023.02.15"]
[WhiteClock "0:00:13"]
[BlackClock "0:01:20"]

1. b3 d6 2. Bb2 e5 3. e3 Nd7 4. d4 exd4 5. Qxd4 Ngf6 6. c4 Be7 7. Nc3 O-O 8. Nd5 Re8 9. Nxe7+ Qxe7 10. Nf3 Ne5 11. Be2 Bg4 12. O-O-O Nc6 13. Qf4 Bh5 14. Bxf6 gxf6 15. Nd4 Bg6 16. Nxc6 bxc6 17. h4 Qe5 18. Qxe5 fxe5 19. h5 Be4 20. Rh4 Bf5 21. Bg4 Bxg4 22. Rxg4+ Kh8 23. Rh1 Rg8 24. Rhh4 f5 25. Rxg8+ Rxg8 26. g3 Kg7 27. c5 e4 28. g4 Kf6 29. gxf5 d5 30. Rf4 Rg5 31. f3 exf3 32. Rxf3 Rxh5 33. Rf4 Rxf5 34. Ra4 Kg5 35. Rxa7 Rf7 36. a4 h5 37. Ra8 Rh7 38. a5 h4 39. a6 h3 40. a7 h2 41. Rg8+ Kf5 42. a8=Q h1=Q+ 43. Kb2 Rh2+ 44. Ka3 Qc1+ 45. Ka4 Ra2+ 46. Kb4 Qd2# 0-1


[Site "https://www.chess.com"]

[Event "Titled Tuesday Blitz February 14 Early 2023"]
[White "Diaz Perez, Michel Alejandro"]
[Black "Prieto Aranguren, Alain"]
[WhiteFideId "3517179"]
[BlackFideId "2268906"]
[WhiteElo "2414"]
[BlackElo "2258"]
[Result "1/2-1/2"]
[Round "02"]
[TimeControl "180+2"]
[Date "2023.02.15"]
[WhiteClock "0:00:37"]
[BlackClock "0:00:10"]

1. Nf3 d6 2. c4 g6 3. Nc3 Bg7 4. e4 e5 5. d4 Nc6 6. Be3 Bg4 7. dxe5 Nxe5 8. Be2 Bxf3 9. gxf3 Ne7 10. f4 Nd7 11. h4 h5 12. Qd2 Nc5 13. Bf3 Nc6 14. O-O-O Na5 15. Qe2 Qe7 16. Nd5 Qd8 17. b4 c6 18. bxc5 cxd5 19. Rxd5 Qf6 20. e5 dxe5 21. fxe5 Qf5 22. Rhd1 O-O 23. Bg5 Rfe8 24. Be4 Rxe5 25. Bxf5 Rxe2 26. Rd8+ Rxd8 27. Rxd8+ Kh7 28. Bd3 Rxa2 29. f3 Nb3+ 30. Kd1 Nxc5 31. Bc2 Ne6 32. Rd7 Nxg5 33. hxg5 Rb2 34. Rxf7 h4 35. f4 h3 36. f5 gxf5 37. Bxf5+ Kg8 38. Be6 h2 39. Rf1+ Kh7 40. Bf5+ Kg8 41. Be4 Ra2 42. Bd5+ Kh7 43. Be4+ Kg8 44. Bxb7 Ra1+ 45. Ke2 Rxf1 46. Kxf1 a5 47. c5 a4 48. Bd5+ Kf8 49. c6 Be5 50. Kg2 a3 51. g6 Kg7 52. Bf7 Kf6 53. Kh1 Ke7 54. Ba2 Kd6 55. g7 Bxg7 56. Kxh2 Kxc6 57. Kg2 Kb5 58. Kf2 Kb4 59. Ke2 Kc3 60. Kd1 Kb2 61. Bf7 Bc3 62. Bg8 Bb4 63. Bf7 Bc3 64. Bg8 Bb4 65. Bf7 a2 66. Bxa2 1/2-1/2


[Site "https://www.chess.com"]

[Event "Titled Tuesday Blitz February 14 Early 2023"]
[White "Manukyan, Sargis A."]
[Black "Kulkarni, Vikramaditya"]
[WhiteFideId "13303970"]
[BlackFideId "5009847"]
[WhiteElo "2158"]
[BlackElo "2251"]
[Result "1-0"]
[Round "02"]
[TimeControl "180+2"]
[Date "2023.02.15"]
[WhiteClock "0:01:34"]
[BlackClock "0:00:39"]

1. d4 d6 2. Nf3 Nf6 3. Bf4 Nh5 4. Bg5 h6 5. Bh4 g6 6. Bg3 Bg7 7. e3 O-O 8. Bd3 e5 9. dxe5 Nxg3 10. hxg3 dxe5 11. Be2 Qxd1+ 12. Kxd1 Nc6 13. Kc1 Bf5 14. a3 Rad8 15. Nc3 a6 16. Rd1 Rxd1+ 17. Nxd1 e4 18. Nd2 Rd8 19. g4 Bc8 20. Nxe4 Ne5 21. f3 b6 22. Ndc3 Bb7 23. Nf2 Re8 24. e4 h5 25. gxh5 gxh5 26. Nd3 Nc4 27. Kb1 Bxc3 28. bxc3 Ne3 29. Kb2 Kh7 30. Nf4 Kh6 31. Rh1 Re5 32. g4 h4 33. Kc1 Kg5 34. Nh3+ Kf6 35. Kd2 Ng2 36. Rg1 1-0


[Site "https://www.chess.com"]

[Event "Titled Tuesday Blitz February 14 Early 2023"]
[White "Danielyan, Vahe"]
[Black "I_KID_you_not"]
[WhiteFideId "13304828"]
[WhiteElo "2346"]
[BlackElo "2323"]
[Result "1-0"]
[Round "02"]
[TimeControl "180+2"]
[Date "2023.02.15"]
[WhiteClock "0:01:54"]
[BlackClock "0:01:28"]

1. c4 g6 2. Nc3 Bg7 3. g3 c5 4. Bg2 Nc6 5. e3 e5 6. Nge2 Nge7 7. O-O O-O 8. d3 d6 9. Rb1 Be6 10. Nd5 Qd7 11. a3 Bh3 12. b4 Bxg2 13. Kxg2 b6 14. Bb2 Nxd5 15. cxd5 Ne7 16. e4 a5 17. bxc5 bxc5 18. Bc3 a4 19. Rb6 Qc7 20. Rb2 f5 21. Qb1 Rab8 22. f4 exf4 23. Bxg7 f3+ 24. Rxf3 Kxg7 25. Nf4 Kh6 26. Ne6 Rxb2+ 27. Qxb2 Qb8 28. Qd2+ g5 29. Qxg5# 1-0


[Site "https://www.chess.com"]

[Event "Titled Tuesday Blitz February 14 Early 2023"]
[White "Harriott, Tyrell"]
[Black "Demin, Vladimir"]
[WhiteFideId "2086484"]
[BlackFideId "4167457"]
[WhiteElo "1889"]
[BlackElo "2430"]
[Result "1-0"]
[Round "02"]
[TimeControl "180+2"]
[Date "2023.02.15"]
[WhiteClock "0:01:30"]
[BlackClock "0:01:59"]

1. d4 d5 2. e3 Nf6 3. Bd3 c5 4. c3 Nc6 5. f4 Qb6 6. Nd2 Bg4 7. Ne2 e6 8. O-O c4 9. Bc2 Qc7 10. Nf3 Bd6 11. Ne5 Bxe2 12. Qxe2 Nd7 13. e4 Bxe5 14. fxe5 O-O-O 15. Rxf7 Rdf8 16. Rxg7 Qd8 17. exd5 exd5 18. Rxh7 Rhg8 19. Bh6 Re8 20. Bf5 Ne7 21. Qh5 Nxf5 22. Qxf5 Re7 23. Rxe7 Qxe7 24. Rf1 1-0


[Site "https://www.chess.com"]

[Event "Titled Tuesday Blitz February 14 Early 2023"]
[White "Real_taiatai"]
[Black "Yurovskykh, Oleksandr"]
[BlackFideId "14134020"]
[WhiteElo "2349"]
[BlackElo "2328"]
[Result "0-1"]
[Round "02"]
[TimeControl "180+2"]
[Date "2023.02.15"]
[WhiteClock "0:00:16"]
[BlackClock "0:00:08"]

1. d4 d5 2. c4 dxc4 3. Nf3 Nf6 4. e3 e6 5. Bxc4 c5 6. O-O Nc6 7. Nc3 cxd4 8. exd4 Be7 9. Bg5 O-O 10. Re1 Nb4 11. a3 Nbd5 12. Qd3 b6 13. Ne5 Bb7 14. Rad1 Rc8 15. Ba2 Nxc3 16. bxc3 Nd5 17. Bxe7 Qxe7 18. Bxd5 Bxd5 19. c4 Ba8 20. d5 Rfd8 21. d6 Qb7 22. Qh3 Rc5 23. d7 Rxe5 24. Rxe5 Rxd7 25. Ree1 Qe4 26. Qg3 g6 27. h3 Rxd1 28. Rxd1 Kg7 29. Qc3+ e5 30. c5 Qxg2# 0-1


[Site "https://www.chess.com"]

[Event "Titled Tuesday Blitz February 14 Early 2023"]
[White "Liu, Casper"]
[Black "Maksimenko, Viktor"]
[WhiteFideId "1454153"]
[BlackFideId "13710478"]
[WhiteElo "2278"]
[BlackElo "2196"]
[Result "0-1"]
[Round "02"]
[TimeControl "180+2"]
[Date "2023.02.15"]
[WhiteClock "0:00:57"]
[BlackClock "0:01:29"]

1. d4 Nf6 2. c4 e6 3. Nc3 Bb4 4. e3 O-O 5. Bd3 Re8 6. Ne2 d5 7. O-O Nbd7 8. a3 Bf8 9. c5 e5 10. b4 e4 11. Bc2 c6 12. f3 exf3 13. Rxf3 g6 14. Ng3 h5 15. e4 h4 16. e5 hxg3 17. exf6 gxh2+ 18. Kh1 Nxf6 19. Bg5 Be7 20. Qf1 Ng4 21. Bd2 Be6 22. Re1 Qd7 23. Ne2 Bh4 24. g3 Be7 25. Nf4 Bf5 26. Bxf5 Qxf5 27. Ne6 fxe6 28. Rxf5 exf5 29. Qf4 Bf6 30. Rf1 Re7 31. b5 Rae8 32. bxc6 bxc6 33. Qd6 Re6 34. Qd7 R8e7 35. Qc8+ Kg7 36. Bf4 Re1 37. Qa6 R7e2 0-1


[Site "https://www.chess.com"]

[Event "Titled Tuesday Blitz February 14 Early 2023"]
[White "Ezat, Mohamed"]
[Black "Fernandez Siles, Luis"]
[WhiteFideId "10600906"]
[BlackFideId "2209420"]
[WhiteElo "2402"]
[BlackElo "2218"]
[Result "1-0"]
[Round "02"]
[TimeControl "180+2"]
[Date "2023.02.15"]
[WhiteClock "0:00:12"]
[BlackClock "0:00:10"]

1. d4 Nf6 2. c4 g6 3. Nc3 Bg7 4. e4 d6 5. Be2 O-O 6. Nf3 c5 7. d5 e6 8. O-O exd5 9. exd5 Bg4 10. Bg5 h6 11. Bf4 a6 12. Qd2 Kh7 13. h3 Bxf3 14. Bxf3 Ne8 15. Rae1 Nd7 16. Be2 Ne5 17. Bg3 g5 18. f4 gxf4 19. Bxf4 f5 20. Bd3 Qh4 21. Nd1 b5 22. b3 bxc4 23. bxc4 Ra7 24. Ne3 Raf7 25. Nxf5 Nxd3 26. Nxh4 Nxe1 27. Rxe1 Rxf4 28. Rxe8 Rxe8 29. Qxf4 Bd4+ 30. Kf1 1-0


[Site "https://www.chess.com"]

[Event "Titled Tuesday Blitz February 14 Early 2023"]
[White "Buscar, Michael"]
[Black "Ilkhomi, Jaloliddin"]
[WhiteFideId "2603616"]
[BlackFideId "14700948"]
[WhiteElo "2041"]
[BlackElo "1997"]
[Result "0-1"]
[Round "02"]
[TimeControl "180+2"]
[Date "2023.02.15"]
[WhiteClock "0:00:07"]
[BlackClock "0:00:48"]

1. d4 Nf6 2. c4 e6 3. Nc3 Bb4 4. e3 b6 5. Bd3 Bb7 6. Ne2 d5 7. O-O Nbd7 8. cxd5 Nxd5 9. e4 Nxc3 10. bxc3 Bd6 11. f4 c5 12. Be3 Rc8 13. Qe1 Qe7 14. Rd1 Bb8 15. f5 exf5 16. Rxf5 Bxe4 17. Bxe4 Qxe4 18. Qf2 O-O 19. dxc5 Nxc5 20. Bxc5 bxc5 21. Rf1 f6 22. Ng3 Bxg3 23. Qxg3 Qe6 24. a4 Kh8 25. Qh4 Qe3+ 26. Kh1 Qd3 27. R5f3 Qc2 28. Rh3 Rcd8 29. Qh5 Rd2 30. Qxc5 Rfd8 31. Rg1 Rd1 32. Rf3 Rxg1+ 33. Qxg1 Rd1 34. Rf1 Rxf1 35. Qxf1 Qxc3 36. h3 h6 37. Qf5 Qe1+ 38. Kh2 Qe5+ 39. Qxe5 fxe5 40. Kg3 Kg8 41. Kf3 Kf7 42. Ke4 Ke6 43. g4 g5 44. a5 a6 45. Ke3 Kd5 46. Kd3 e4+ 47. Ke3 Ke5 0-1


[Site "https://www.chess.com"]

[Event "Titled Tuesday Blitz February 14 Early 2023"]
[White "Principe, Gerson"]
[Black "Goldin, Roman"]
[WhiteFideId "3804550"]
[BlackFideId "2803860"]
[WhiteElo "2226"]
[BlackElo "2322"]
[Result "1-0"]
[Round "02"]
[TimeControl "180+2"]
[Date "2023.02.15"]
[WhiteClock "0:00:04"]
[BlackClock "0:00:01"]

1. d4 Nf6 2. Nf3 b5 3. e3 a6 4. Be2 Bb7 5. O-O e6 6. c3 c5 7. a4 b4 8. cxb4 cxd4 9. b5 dxe3 10. Bxe3 axb5 11. Bxb5 Be7 12. Nbd2 Ba6 13. Qe2 O-O 14. Rfb1 Nd5 15. Ne4 Bxb5 16. Qxb5 Nxe3 17. fxe3 Nc6 18. Nd4 Nb4 19. a5 Rb8 20. Qe2 d5 21. Nc3 Bc5 22. a6 Bxd4 23. exd4 Qb6 24. Ra4 Qxd4+ 25. Kh1 Qc5 26. Rba1 Ra8 27. a7 Nc6 28. Qb5 Qd6 29. Ra6 Rfc8 30. Qb7 Qc7 31. Qxc7 Rxc7 32. Nb5 Rcc8 33. h3 Kf8 34. Nd6 Rc7 35. Nb5 Rcc8 36. R1a4 Ke7 37. b4 Kd7 38. Nc3 Ne5 39. Ne2 Nc4 40. b5 Rc7 41. b6 Rb7 42. Rb4 e5 43. Nc3 Kc6 44. Rb5 d4 45. Rb4 dxc3 46. Rxc4+ Kb5 47. Raa4 Rxb6 48. Rcb4+ Kc6 49. Rc4+ Kb7 50. Rxc3 Rxa7 51. Rxa7+ Kxa7 52. Rc7+ Rb7 53. Rc5 Re7 54. Kg1 Kb6 55. Rc3 f6 56. g4 Rc7 57. Rd3 Kc6 58. Kg2 Rd7 59. Ra3 Kd6 60. Kg3 Ke6 61. Ra6+ Ke7 62. Kf3 g6 63. Ke4 Rd4+ 64. Ke3 Rd7 65. Rb6 Rc7 66. h4 Ra7 67. h5 Ra3+ 68. Ke2 Ra1 69. Rb7+ Ke6 70. Rxh7 gxh5 71. Rxh5 Ra2+ 72. Kf3 Ra3+ 73. Kf2 Ra4 74. Kf3 Rf4+ 75. Kg3 Kd5 76. Rh8 Ke4 77. Rd8 Rf3+ 78. Kh4 Kf4 79. Rf8 Ke4 80. Rf7 Rf1 81. Rf8 Ke3 82. Rf7 e4 83. Kg3 Ke2 84. g5 1-0


[Site "https://www.chess.com"]

[Event "Titled Tuesday Blitz February 14 Early 2023"]
[White "Melian, Juan Sebastian"]
[Black "Jimenez Garcia, Emmanuel"]
[WhiteFideId "3706575"]
[BlackFideId "6504779"]
[WhiteElo "2293"]
[BlackElo "2410"]
[Result "0-1"]
[Round "02"]
[TimeControl "180+2"]
[Date "2023.02.15"]
[WhiteClock "0:00:02"]
[BlackClock "0:00:19"]

1. d4 Nf6 2. c4 d6 3. Nc3 e5 4. Nf3 Nbd7 5. e4 Be7 6. Be2 O-O 7. O-O exd4 8. Nxd4 Re8 9. Be3 a5 10. Qd2 Bf8 11. f3 c6 12. Rfe1 h6 13. Rad1 Ne5 14. Bf1 a4 15. h3 Qa5 16. f4 Ng6 17. Qc2 Nh5 18. Qf2 a3 19. Nb3 Qb4 20. f5 Ne5 21. c5 axb2 22. Qxb2 dxc5 23. Qc2 c4 24. Nd4 Qa5 25. Kh2 Bb4 26. Bd2 Nd3 27. Bxd3 Qe5+ 28. Kh1 Ng3+ 29. Kg1 Qxd4+ 30. Be3 Qxc3 31. Qf2 cxd3 32. Qxg3 Bc5 33. Kh1 d2 34. f6 g6 35. Re2 Bxe3 36. Rxe3 Qxf6 37. Rf3 Qg7 38. Rdf1 Be6 39. Kh2 Red8 40. Rd1 Rxa2 41. Qc7 Raa8 42. e5 Rd7 43. Qb6 Qxe5+ 0-1


[Site "https://www.chess.com"]

[Event "Titled Tuesday Blitz February 14 Early 2023"]
[White "Todorovic, Bojan"]
[Black "Bas Mas, Jose Joaquin"]
[WhiteFideId "917087"]
[BlackFideId "22219064"]
[WhiteElo "2195"]
[BlackElo "2197"]
[Result "1-0"]
[Round "02"]
[TimeControl "180+2"]
[Date "2023.02.15"]
[WhiteClock "0:00:05"]
[BlackClock "0:00:15"]

1. d4 f5 2. g3 Nf6 3. Bg2 e6 4. c4 Bb4+ 5. Bd2 Be7 6. Nc3 O-O 7. Nh3 a5 8. O-O Nc6 9. Be1 Bb4 10. Nb5 d6 11. Nf4 Ne4 12. d5 e5 13. dxc6 bxc6 14. Bxe4 fxe4 15. Ng2 Be6 16. Nc3 Bxc4 17. Nxe4 d5 18. Bxb4 axb4 19. Nc5 Qd6 20. Nd3 Bxa2 21. b3 Ra3 22. Nc1 Rfa8 23. Qc2 c5 24. Rxa2 Rxa2 25. Nxa2 Qa6 26. Nc1 c4 27. bxc4 dxc4 28. Ne3 c3 29. Qb3+ Kh8 30. Qxb4 Qc6 31. Nd3 e4 32. Ne5 Qe6 33. Qxe4 Re8 34. f4 c5 35. Qd5 Qe7 36. Nf5 Qf6 37. Nf7+ Kg8 38. N7d6+ Kf8 39. Nxe8 g6 40. Nfd6 Ke7 41. Qb7+ Ke6 42. e4 Qd4+ 43. Kg2 Qd2+ 44. Rf2 Qd1 45. Qc8+ Ke7 46. Qc7+ Ke6 47. Qf7# 1-0


[Site "https://www.chess.com"]

[Event "Titled Tuesday Blitz February 14 Early 2023"]
[White "Pinheiro, Iung Alicio de O."]
[Black "Kostiukov, Alexandr"]
[WhiteFideId "2104350"]
[BlackFideId "14108100"]
[WhiteElo "2306"]
[BlackElo "2271"]
[Result "1-0"]
[Round "02"]
[TimeControl "180+2"]
[Date "2023.02.15"]
[WhiteClock "0:00:29"]
[BlackClock "0:00:05"]

1. e4 c5 2. Nf3 g6 3. h4 h5 4. Bc4 Bg7 5. a3 Nc6 6. Nc3 Nf6 7. d3 O-O 8. Bg5 Nh7 9. Be3 Nd4 10. Qd2 e6 11. Bh6 Bxh6 12. Qxh6 Nxc2+ 13. Kd2 Nxa1 14. Ng5 Nxg5 15. hxg5 Qb6 16. Kc1 Qd6 17. g3 Qd4 18. Kb1 Qxf2 19. e5 Qg2 20. Rxh5 Qg1+ 21. Ka2 gxh5 22. Ne4 f5 23. g6 1-0


[Site "https://www.chess.com"]

[Event "Titled Tuesday Blitz February 14 Early 2023"]
[White "Manon-og, Ramon Jr."]
[Black "Filgueira, Hernan"]
[WhiteFideId "5200776"]
[BlackFideId "101770"]
[WhiteElo "1999"]
[BlackElo "2283"]
[Result "0-1"]
[Round "02"]
[TimeControl "180+2"]
[Date "2023.02.15"]
[WhiteClock "0:00:21"]
[BlackClock "0:00:52"]

1. e4 d6 2. d4 Nf6 3. Nc3 c6 4. Be3 Nbd7 5. Qd2 e5 6. dxe5 dxe5 7. h3 Bb4 8. Bd3 O-O 9. Nf3 Qc7 10. O-O Re8 11. a3 Bc5 12. b4 Bxe3 13. Qxe3 Nf8 14. Bc4 h6 15. Nh4 Be6 16. Qe2 Bxc4 17. Qxc4 Ne6 18. Nf5 Kh7 19. Rad1 Rad8 20. Rxd8 Rxd8 21. Rd1 Rxd1+ 22. Nxd1 g6 23. Nh4 b5 24. Qd3 Nf4 25. Qe3 a5 26. Nf3 axb4 27. axb4 Nd7 28. Nb2 Kg7 29. Nd3 Nxd3 30. Qxd3 Nb6 31. h4 Qe7 32. h5 Nc4 33. hxg6 fxg6 34. c3 Kf6 35. Nh4 Qd6 36. Qf3+ Kg7 37. Qg4 Kh7 38. Qc8 Qf6 39. g3 h5 40. Qd7+ Kh6 41. Kg2 Qd6 42. Qe8 Qf6 43. Qg8 Qg7 44. Qe8 Qf6 45. Qg8 Qg7 46. Qe6 Kh7 47. Qxc6 Na3 48. Qa6 Nb1 49. Qxb5 Nxc3 50. Qc6 Ne2 51. b5 Nd4 52. Qc5 Qb7 53. b6 Qxe4+ 54. Kh2 g5 55. Qe7+ Kh6 0-1


[Site "https://www.chess.com"]

[Event "Titled Tuesday Blitz February 14 Early 2023"]
[White "Mamedov, Edgar"]
[Black "Kotepalli, Sai Nirupama"]
[WhiteFideId "13739980"]
[BlackFideId "5039444"]
[WhiteElo "2193"]
[BlackElo "1910"]
[Result "1-0"]
[Round "02"]
[TimeControl "180+2"]
[Date "2023.02.15"]
[WhiteClock "0:02:20"]
[BlackClock "0:00:43"]

1. d4 g6 2. e4 Bg7 3. Nf3 d6 4. Nc3 Nf6 5. g3 O-O 6. Bg2 Nbd7 7. O-O c5 8. Re1 cxd4 9. Nxd4 a6 10. a4 Nc5 11. a5 Qc7 12. Nd5 Nxd5 13. exd5 e5 14. dxe6 Nxe6 15. Nxe6 Bxe6 16. c3 Rfe8 17. Be3 d5 18. Bd4 Bxd4 19. Qxd4 Rad8 20. h4 Re7 21. h5 gxh5 22. Qh4 Rde8 23. Qxh5 Qc4 24. Qg5+ Kf8 25. Qh6+ Kg8 26. Re5 1-0


[Site "https://www.chess.com"]

[Event "Titled Tuesday Blitz February 14 Early 2023"]
[White "Ruiz Aguilar, Pablo Alexander"]
[Black "Arenas, David"]
[WhiteFideId "4401352"]
[BlackFideId "4403177"]
[WhiteElo "2161"]
[BlackElo "2426"]
[Result "0-1"]
[Round "02"]
[TimeControl "180+2"]
[Date "2023.02.15"]
[WhiteClock "0:00:02"]
[BlackClock "0:00:08"]

1. e4 c5 2. Nf3 d6 3. d4 Nf6 4. Nc3 cxd4 5. Nxd4 g6 6. Be3 Bg7 7. f3 O-O 8. Qd2 Nc6 9. Bc4 Bd7 10. O-O-O Rc8 11. Bb3 Ne5 12. Bg5 Rc5 13. Rhe1 Qa5 14. Kb1 Rfc8 15. Bxf6 Bxf6 16. Nd5 Qxd2 17. Nxf6+ Kg7 18. Nh5+ gxh5 19. Rxd2 Kf6 20. c3 Nc4 21. Bxc4 Rxc4 22. Ne2 Be6 23. Nf4 h4 24. h3 R4c5 25. Nd3 Ra5 26. Nb4 Rg8 27. Nd5+ Bxd5 28. exd5 Rg5 29. c4 b5 30. b3 bxc4 31. bxc4 Re5 32. Rde2 Rxe2 33. Rxe2 e6 34. dxe6 fxe6 35. Kb2 Re5 36. Rd2 Ke7 37. Kc3 Kd7 38. Kd4 Kc6 39. f4 Re1 40. Rf2 a6 41. f5 exf5 42. Rxf5 Re2 43. Rf4 Rxg2 44. Rxh4 Rd2+ 45. Kc3 Rxa2 46. Rxh7 Rh2 47. Kd4 a5 48. Ra7 Kb6 49. Rd7 Kc6 50. Ra7 Ra2 51. h4 Kb6 0-1


[Site "https://www.chess.com"]